 Dungeon Crawl Stone Soup version 0.29.1-15-g9cfb28693d (webtiles) character file.

Game seed: 6680292132742566091

14 halvedace the Stinger (level 2, 0/20 HPs)
             Began as a Draconian Venom Mage on Apr 5, 2023.
             Succumbed to an adder's poison
             ... on level 1 of the Dungeon.
             The game lasted 00:04:49 (910 turns).

halvedace the Stinger (Draconian Venom Mage)         Turns: 910, Time: 00:04:51

Health: 0/20       AC:  4    Str: 10    XL:     2   Next: 31%
Magic:  4/5        EV: 12    Int: 15    God:
Gold:   67         SH:  0    Dex: 11    Spells: 4/5 levels left

rFire   . . .      SeeInvis .   b - +0 whip
rCold   . . .      Faith    .   (no shield)
rNeg    . . .      Spirit   .   (body armour unavailable)
rPois   .          Reflect  .   (helmet restricted)
rElec   .          Harm     .   (no cloak)
rCorr   .          Rampage  .   (no gloves)
Will    .....                   (no boots)
Stlth   ++........              (no amulet)
HPRegen 0.06/turn               e - ring of flight
MPRegen 0.09/turn               (no ring)

@: lethally poisoned (0 -> -5), flying
A: AC +4, unfitting armour, cold-blooded
a: no special abilities


You were on level 1 of the Dungeon.
You visited 1 branch of the dungeon, and saw 2 of its levels.

You collected 67 gold pieces.

Inventory:

Hand Weapons
 b - a +0 whip (weapon)
Missiles
 f - 12 stones
Armour
 c - a +0 robe
Jewellery
 e - a ring of flight (left hand)
Scrolls
 d - 2 scrolls of teleportation
 g - a scroll of identify {unknown}
 h - 2 scrolls of silence
Potions
 a - a potion of magic


   Skills:
 + Level 2.0 Dodging
 + Level 1.8 Stealth
 + Level 0.2 Unarmed Combat
 + Level 2.0 Spellcasting
 + Level 1.1 Transmutations
 + Level 3.4 Poison Magic


You had 4 spell levels left.
You knew the following spells:

 Your Spells              Type           Power      Damage    Failure   Level
a - Sting                 Tmut/Pois      32%        1d4       9%          1

Your spell library contained the following spells:

 Spells                   Type           Power      Damage    Failure   Level
 Poisonous Vapours        Pois/Air       12%        N/A       16%         2
 Ignite Poison            Fire/Tmut/Pois 6%         N/A       34%         3
 Mephitic Cloud           Conj/Pois/Air  5%         N/A       38%         3
 Olgreb's Toxic Radiance  Pois           11%        N/A       47%         4
 Conjure Flame            Conj/Fire      1%         6-21      54%         3
 Sticky Flame             Conj/Fire      1%         2d3       91%         4


Dungeon Overview and Level Annotations

Branches:
Dungeon (2/15)

Altars:

Annotations:
D:2 Terence


Innate Abilities, Weirdness & Mutations

Your plain brown scales are hard. (AC +4)
You cannot fit into any form of body armour.
You are cold-blooded and may be slowed by cold attacks.


Message History

The adder barely misses you. The goblin hits you with a +0 dagger.
You miss the adder.
Your tail-slap misses the adder.
The adder is heavily wounded.
The adder bites you. Terence barely misses you. The adder bites you.
The goblin barely misses you. Terence attacks as you move away!
Terence closely misses you. The adder closely misses you.
The goblin hits you with a +0 dagger.
* * * LOW HITPOINT WARNING * * *
Your magical contamination has completely faded away.
The adder attacks as you move away! The adder bites you.
* * * LOW HITPOINT WARNING * * *
The goblin hits you but does no damage. The adder closely misses you.
The adder attacks as you move away! The adder closely misses you.
The adder barely misses you. The adder attacks as you move away!
The adder barely misses you.
There is an escape hatch in the floor here.
The adder completely misses you.
There is an escape hatch in the ceiling here.
The adder bites you but does no damage. A mysterious force pulls you upwards.
The hatch slams shut behind you. The adder closely misses you. x2
You miss the adder.
The adder is heavily wounded.
The adder bites you but does no damage. The adder bites you.
* * * LOW HITPOINT WARNING * * *
You are lethally poisoned!
The adder poisons you!
You barely miss the adder.
The adder is heavily wounded.
* * * LOW HITPOINT WARNING * * *
You feel sick. The adder bites you.
* * * LOW HITPOINT WARNING * * *
Okay, then.
Aiming: Sting (safe; 9% risk of failure)
Press: ? - help, Q - select action, (/) - cycle Shift-Dir - straight line, f - adder
Aim: an adder (heavily wounded, 48% to hit)
The sting hits the adder.
The adder is poisoned.
The adder is almost dead.
You die...

######### ##########.......#
#........#.......# ##########
#.≈≈≈....#.......# ##.....#...
#.≈.≈....#.....S.#####.....^^...
##.≈≈≈..........@...##......^_^..
...................###......^....
####........#.####.###.......>...
########...# #..##............
#...# #................
#[..###..#.............
####....#...#.###.....#...
########.............############
..........................#######


You could see an adder (poisoned).

Vanquished Creatures
  A hobgoblin (D:1)
  2 jackals (D:1)
  A kobold (D:1)
  A quokka (D:1)
  3 bats
  A frilled lizard (D:1)
  5 rats (D:1)
14 creatures vanquished.

Notes
Turn   | Place    | Note
-------+----------+-------------------------------------------
     0 | D:1      | halvedace the Draconian Venom Mage began the quest for the
                  | Orb.
     0 | D:1      | Reached XP level 1. HP: 14/14 MP: 3/3
   287 | D:1      | Found a faded altar of an unknown god.
   418 | D:1      | Reached XP level 2. HP: 20/20 MP: 3/5
   878 | D:2      | Noticed Terence
   909 | D:1      | HP: 1/20 [adder (1)]
   910 | D:1      | Succumbed to an adder's poison

Illustrated notes

Levels and vault maps discovered:
D:1:      arrival_zaba_pyramid, layout_rooms, ebering_ecumenical_altar_webs,
          corexii_item_surrounded_by_moat
D:2:      layout_basic, corexii_corridor_pit, grunt_ministairs_9, uniq_terence

Skill      XL: |  1  2 |
---------------+-------+-----
Dodging        | 2 |  2.0
Stealth        | |  1.8
Unarmed Combat | |  0.2
Spellcasting   | |  2.0
Transmutations | |  1.1
Poison Magic   | |  3.4

Action                   || total
-------------------------++-------
Melee: Whip              ||    38
       Unarmed           ||     5
       Tailslap          ||     2
 Cast: Sting             ||    16
  Use: Potion            ||     1
       Scroll            ||     2
Armor: Skin              ||    26
Dodge: Dodged            ||    53
